 Dungeon Crawl Stone Soup version 0.30-b1-2-g02819fbbbe (webtiles) character file.

Game seed: 4007526416309898670

2205755 Ntrails the Slayer (level 27, 331/331 HPs)
             Began as a Djinni Cinder Acolyte on July 1, 2023.
             Was an Elder of Ignis.
             Escaped with the Orb
             ... and 4 runes on July 9, 2023!
             The game lasted 08:08:50 (76464 turns).

Ntrails the Slayer (Djinni Cinder Acolyte)         Turns: 76464, Time: 08:08:50

Health: 331/331    AC: 31    Str: 17    XL:     27
Gold:   3716       EV: 19    Int: 37    God:    Ignis [****..] SH: 18 Dex: 15

rFire   + + +        l - +10 scimitar "Ydikh" {elec, rElec rC+ Will+++ Str-5}
rCold   + + .        H - +3 kite shield of Wu Jian's Approval {rPois rN++ Str+3 Int-3}
rNeg    + + .        b - +7 ring mail of Aggal {rElec Int+4}
rPois   ∞            J - +2 hat of Shadows and Fog {Dex+2 SInv}
rElec   +            p - +2 cloak
rCorr   +            t - +1 pair of gloves "Velipleg" {+Blink Regen+ Stlth+}
SInv    +            (boots unavailable)
Will    +++++        g - amulet of regeneration Stlth
                     K - ring of Ceghoece {Contam +Blink rC+ Int+4 Dex+2}
HPRegen 2.35/turn    C - ring of Fragile Peace {Wiz rElec rCorr Str+6 Int+4}
MPRegen 0.00/turn

%: wizardry (x1)
@: mighty, berserking, resistant, attractive, fiery-armoured, flying, hasted,
studying 2 skills, invisible, very quick
A: sickness immunity, fire resistance 2, cold vulnerability 1, float, innate
caster, HP casting, extra vitality 1, claws 1, shaggy fur 1
0: Orb of Zot
}: 4/15 runes: decaying, serpentine, slimy, silver
a: Renounce Religion, Evoke Blink, Fiery Armour, Foxfire Swarm, Rising Flame


You escaped.
You worshipped Ignis.
Ignis was greatly pleased with you.
You visited 11 branches of the dungeon, and saw 53 of its levels.
You also visited: Trove, Sewer, Gauntlet, Ice Cave and Volcano.

You collected 9773 gold pieces.
You spent 6057 gold pieces at shops.


Innate Abilities, Weirdness & Mutations

You are immune to sickness and miasma.
You are immune to poison.
Your flesh is very heat resistant. (rF++)
You are vulnerable to cold. (rC-)
You float through the air rather than walking.
You learn spells naturally, not from books.
Your magical power is your life essence.
You have superior vitality. (+4 MHP)
You have sharp fingernails.
You are covered in fur. (AC +1)


   Skills:
 + Level 25.1 Fighting
 - Level 2.6(6.7) Short Blades
 - Level 9.8(10.0) Long Blades
 - Level 15.0 Armour
 - Level 17.0 Dodging
 - Level 6.0 Stealth
 - Level 20.0 Shields
 - Level 25.0 Spellcasting
 - Level 14.0 Evocations


You knew the following spells:

 Your Spells              Type           Power      Damage    Failure   Level
c - Confusing Touch       Hex            100%       N/A       0%          3
d - Dragon Form           Tmut           62%        N/A       1%          7
e - Eringya's Noxious Bo  Tmut/Pois      62%        N/A       0%          6
f - Foxfire               Conj/Fire      100%       2x1d9     0%          1
g - Passage of Golubria   Tloc           100%       N/A       0%          4
i - Ignition              Fire           62%        3d17      1%          8
l - Chain Lightning       Conj/Air       62%        3d82      1%          9
p - Passwall              Tmut/Erth      100%       N/A       0%          2
s - Summon Lightning Spi  Summ/Air       100%       N/A       0%          4
t - Starburst             Conj/Fire      62%        6d16      0%          6
J - Disjunction           Tloc           62%        N/A       1%          8
S - Silence               Hex/Air        62%        N/A       0%          5
X - Scorch                Fire           100%       2d9       0%          2
Y - Enfeeble              Hex            62%        N/A       1%          7
Your spell library was empty.

Inventory:

Hand Weapons
 l - the +10 scimitar "Ydikh" (weapon) {elec, rElec rC+ Will+++ Str-5}
   (You found it on level 2 of the Swamp)

   Str:       It affects your strength (-5).
   rC:        It protects you from cold.
   rElec:     It insulates you from electricity.
   Will:      It greatly increases your willpower.
Missiles
 Q - 11 boomerangs of dispersal {=f!f}
 Y - a throwing net {=f!f}
Armour
 b - the +7 ring mail of Aggal (worn) {rElec Int+4}
   (You bought it in a shop on level 2 of the Orcish Mines)

   Int:       It affects your intelligence (+4).
   rElec:     It insulates you from electricity.
 h - the +8 chain mail "Wotaveym" {rC+ rCorr}
   (You acquired it on level 5 of the Realm of Zot)

   rC:        It protects you from cold.
   rCorr:     It protects you from acid and corrosion.
 p - a +2 cloak (worn)
   (You took it off a red draconian in a volcano)
 t - the +1 pair of gloves "Velipleg" (worn) {+Blink Regen+ Stlth+}
   (You found it in a Gauntlet)

   +Blink:    It lets you blink.
   Regen:     It increases your rate of health regeneration.
   Stlth:     It makes you more stealthy.
 H - the +3 kite shield of Wu Jian's Approval (worn) {rPois rN++ Str+3 Int-3}
   (You took it off a minotaur in a Gauntlet)

   Str:       It affects your strength (+3).
   Int:       It affects your intelligence (-3).
   rPois:     It protects you from poison.
   rN:        It greatly protects you from negative energy.
 J - the +2 hat of Shadows and Fog (worn) {Dex+2 SInv}
   (You found it on level 2 of the Vaults)

   Dex:       It affects your dexterity (+2).
   SInv:      It lets you see invisible.
 M - the +2 pair of gloves of the Equator {rC- rN++ Int+3 Dex+3}
   (You bought it in a shop on level 13 of the Dungeon)

   Int:       It affects your intelligence (+3).
   Dex:       It affects your dexterity (+3).
   rC:        It makes you vulnerable to cold.
   rN:        It greatly protects you from negative energy.
 X - the +1 chain mail "Haxzit Ithyt" {rF- rC+++ Slay+5 SInv}
   (You found it on level 5 of the Vaults)

   Slay:      It affects your accuracy & damage with ranged weapons and melee
   (+5).
   rF:        It makes you vulnerable to fire.
   rC:        It renders you almost immune to cold.
   SInv:      It lets you see invisible.
Jewellery
 d - the ring of Cohuow {Fly Str+5 SInv}
   (You found it on level 5 of the Vaults)

   [ring of flight]

   Str:       It affects your strength (+5).
   SInv:      It lets you see invisible.
   Fly:       It grants you flight.
 g - an amulet of regeneration (around neck)
   (You found it on level 4 of the Dungeon)
 k - the ring "Koczu" {Wiz rElec rF+ rN++ Slay-2 Stlth+}
   (You found it in a treasure trove)

   [ring of wizardry]

   It improves your spell success rate.
   Slay:      It affects your accuracy & damage with ranged weapons and melee
   (-2).
   rF:        It protects you from fire.
   rElec:     It insulates you from electricity.
   rN:        It greatly protects you from negative energy.
   Stlth:     It makes you more stealthy.
 C - the ring of Fragile Peace (right hand) {Wiz rElec rCorr Str+6 Int+4}
   (You acquired it on level 4 of the Dungeon)

   [ring of wizardry]

   It improves your spell success rate.
   Str:       It affects your strength (+6).
   Int:       It affects your intelligence (+4).
   rElec:     It insulates you from electricity.
   rCorr:     It protects you from acid and corrosion.
 K - the ring of Ceghoece (left hand) {Contam +Blink rC+ Int+4 Dex+2}
   (You took it off a deep elf death mage on level 3 of the Elven Halls)

   [ring of protection from cold]

   Int:       It affects your intelligence (+4).
   Dex:       It affects your dexterity (+2).
   rC:        It protects you from cold.
   +Blink:    It lets you blink.
   Contam:    It causes magical contamination when unequipped.
Wands
 a - a wand of roots (64) (quivered)
   (You found it on level 5 of the Dungeon)
 f - a wand of flame (59)
   (You found it on level 5 of the Dungeon)
 D - a wand of digging (26)
   (You found it on level 1 of the Lair of Beasts)
 E - a wand of quicksilver (26)
   (You found it on level 15 of the Dungeon)
 U - a wand of paralysis (81)
   (You found it on level 5 of the Lair of Beasts)
Scrolls
 c - 14 scrolls of immolation {!r!r}
 e - 30 scrolls of teleportation {@r4}
 i - 10 scrolls of vulnerability {!r!r}
 m - a scroll of enchant weapon
 q - a scroll of silence {!r}
 r - 14 scrolls of fog
 w - 12 scrolls of blinking {!r}
 x - 5 scrolls of fear
 y - 11 scrolls of noise {!r}
 F - 4 scrolls of magic mapping {!r}
 N - 11 scrolls of summoning
 R - 23 scrolls of poison
 T - 5 scrolls of enchant armour
 W - 3 scrolls of torment {!r}
Potions
 n - 17 potions of curing {@q1}
 o - 11 potions of cancellation
 s - 5 potions of berserk rage {!q}
 u - 9 potions of lignification {!q}
 v - 10 potions of mutation {!q}
 z - 14 potions of attraction {!q}
 A - 7 potions of haste {@q3}
 G - 9 potions of heal wounds {@q2}
 I - 11 potions of ambrosia
 L - 3 potions of invisibility
 P - 14 potions of might
 S - 5 potions of brilliance
 Z - a potion of resistance
Miscellaneous
 j - a phantom mirror
   (You found it on level 1 of the Lair of Beasts)
 B - a lightning rod (4/4)
   (You found it in a Gauntlet)
 O - a phial of floods
   (You found it on level 9 of the Dungeon)
 V - a condenser vane
   (You found it on level 10 of the Dungeon)

Dungeon Overview and Level Annotations

Branches:
Dungeon (15/15)            Temple (1/1) D:4            Lair (5/5) D:9
  Swamp (4/4) Lair:2        Snake (4/4) Lair:3        Slime (5/5) Lair:4
    Orc (2/2) D:10            Elf (3/3) Orc:2        Vaults (5/5) D:14
  Crypt (0/3) Vaults:3     Depths (4/4) D:15            Zot (5/5) Depths:4
  Sewer (visited)           IceCv (visited)         Volcano (visited)
Gauntlet (visited)

Altars:
Ashenzari
Cheibriados
Dithmenos
Elyvilon
Fedhas
Gozag
Hepliaklqana
Makhleb
Nemelex Xobeh
Okawaru
Qazlal
Ru
Trog
Uskayaw
Wu Jian
Xom
Yredelemnul
Zin
The Shining One
Jiyva

Shops:
D:4 *   D:13 (*   Orc:2 ([[****[   Snake:3 [=:=   Vaults:1 (   Vaults:3 ?
Vaults:5 *   Depths:3 =*=(   Depths:4 [

Portals:
Hell: Depths:1 Depths:2 Depths:3 Depths:4
Abyss: Depths:1 Depths:2 Depths:3 Depths:4
Pandemonium: Depths:2 Depths:3
Ziggurat: Depths:2

Annotations:
D:1 1 transporter
Lair:2 2 transporters, Vorhees's ghost, journeyman DrAE
Snake:4 ; loose qs dragons
Elf:2 3 runed translucent doors
Zot:1 2 transporters, exclusion: orange crystal statue

......####.#.#######....#######.#
#.........>.......#.....#........
#.#############...##....#.#####.#
#.# ###..##......# #.# #.#
#.##©##...[..#####.# #.#
##.#####...#.......# #.#########
#.#.#####..#########
#.#.......#####.#©##.##.# #######
#.#.#####.##...#@###..### #......
..#.##.##.##.##.#.##...####.#####
###.##....#....#.#.#..........#
#.##....#.#...[########.#.#.#
#.#######.#.#### #.#.#.#
#.........#.# #.#.#.#
###########.# #.#.#.# #####.#
#.#.#.### #.....# #.#.#....


There were no monsters in sight!


Message History

You destroy the large abomination!
The bolt of lightning hits the large abomination!!!
You destroy the large abomination!
The bolt of lightning hits you but does no damage.
The bolt of lightning hits the large abomination!!!!
You destroy the large abomination! 😕 HP[-7]
You take 7 damage, and now have 198/221 hp.
Casting: Chain Lightning (dangerous; 1% risk of failure)
Confirm with . or Enter, or press ? or * to list all spells.
Lightning arcs from your hands!
The bolt of lightning hits the Executioner!!
The Executioner resists.
You kill the Executioner!
The bolt of lightning hits you. You resist. 😕 HP[-10]
You take 10 damage, and now have 188/221 hp.
(D) Dungeon (T) Temple (L) Lair (S) Swamp (P) Snake Pit (M) Slime Pits (O) Orcish Mines (E) Elven Halls (V) Vaults (C) Crypt (U) Depths (H) Hell (Z) Zot
Where to? (Enter - D:1, ? - help)
A reaper comes into view.
It is wielding a +4 scythe of distortion. 😕 HP[+6]
You regained 6 hp, and now have 194/221 hp.
Casting: Chain Lightning (dangerous; 1% risk of failure)
Confirm with . or Enter, or press ? or * to list all spells.
Lightning arcs from your hands!
The bolt of lightning hits the reaper!!!!
You kill the reaper!
The bolt of lightning hits you but does no damage. 😕 HP[-7]
You take 7 damage, and now have 187/221 hp.
(D) Dungeon (T) Temple (L) Lair (S) Swamp (P) Snake Pit (M) Slime Pits (O) Orcish Mines (E) Elven Halls (V) Vaults (C) Crypt (U) Depths (H) Hell (Z) Zot
Where to? (Enter - D:1, ? - help)
There is a stone staircase leading up here.
You fly upwards.
There is a stone staircase leading down here.
There is a stone staircase leading up here.
You fly upwards.
There is a stone staircase leading down here.
An Orb Guardian comes into view. 😎 HP[+34]
Your hp is fully restored (221).
Casting: Chain Lightning (dangerous; 1% risk of failure)
Confirm with . or Enter, or press ? or * to list all spells.
Lightning arcs from your hands!
The bolt of lightning hits the Orb Guardian!!!
The bolt of lightning hits you. You resist. 😕 HP[-11]
You take 11 damage, and now have 210/221 hp.
Casting: Chain Lightning (dangerous; 1% risk of failure)
Confirm with . or Enter, or press ? or * to list all spells.
Lightning arcs from your hands!
The bolt of lightning hits the Orb Guardian!!!!!
You kill the Orb Guardian!
The bolt of lightning hits you! You resist. 😕 HP[-15]
You take 15 damage, and now have 195/221 hp.
(D) Dungeon (T) Temple (L) Lair (S) Swamp (P) Snake Pit (M) Slime Pits (O) Orcish Mines (E) Elven Halls (V) Vaults (C) Crypt (U) Depths (H) Hell (Z) Zot
Where to? (Enter - D:1, ? - help)
There is a stone staircase leading up here.
You fly upwards.
Level annotation: 1 transporter
There is a stone staircase leading down here. 😕 HP[+23]
You regained 23 hp, and now have 218/221 hp.
(D) Dungeon (T) Temple (L) Lair (S) Swamp (P) Snake Pit (M) Slime Pits (O) Orcish Mines (E) Elven Halls (V) Vaults (C) Crypt (U) Depths (H) Hell (Z) Zot
Where to? (Enter - D:1, ? - help)
Okay, then.
You see here a +0 club.
There is a staircase leading out of the dungeon here. 😎 HP[+3]
Your hp is fully restored (221).
Really quaff
z - 15 potions of attraction {!q}?
Really quaff the potion of attraction?
You feel attractive to monsters.
No target in view!
You feel very mighty all of a sudden.
You feel protected.
You fade into invisibility!
You feel yourself speed up.
Okay, then.
A protective cloak of flame settles atop you.
Really quaff
s - 6 potions of berserk rage {!q}?
A red film seems to cover your vision as you go berserk!
You feel yourself moving faster!
You feel mighty! 😎 HP[+110]
You now have 331 max hp (+110).
Your hp is fully restored (331).
You feel a strong urge to attack something.
You have escaped!

Skill      XL: |  1  2  3  4  5  6  7  8  9 10 11 12 13 14 15 16 17 18 19 20 21 22 23 24 25 26 27 |
---------------+----------------------------------------------------------------------------------+-----
Dodging        | 1 2 3 4 6 7 9 10 11 12 14 15 16 17 | 17.0
Armour         | 1 2 3 4 6 8 11 12 13 14 15 | 15.0
Stealth        | 1 2 3 4 6 |  6.0
Spellcasting   | 3 5 6 8 9 11 12 13 15 16 17 18 19 20 22 25 | 25.0
Fighting       | 4 6 7 8 10 12 14 16 17 18 19 20 21 22 25 | 25.1
Evocations     | 2 6 8 9 11 12 13 14 | 14.0
Shields        | 5 8 12 14 15 20 | 20.0
Long Blades    | 6 8 9 |  9.8
Short Blades   | |  2.6

Action                     |  1- 3 |  4- 6 |  7- 9 | 10-12 | 13-15 | 16-18 | 19-21 | 22-24 | 25-27 || total
---------------------------+-------+-------+-------+-------+-------+-------+-------+-------+-------++-------
  Melee: Short sword       |    37 |     2 |       |       |       |       |       |       |       ||    39
         Dagger            |       |       |       |    11 |       |     1 |       |       |       ||    12
         Quarterstaff      |       |       |       |     2 |     9 |     3 |       |       |       ||    14
         Scimitar          |       |       |       |       |       |     1 |   148 |    32 |   188 ||   369
         Unarmed           |       |       |       |       |       |       |     5 |       |       ||     5
  Throw: Dart              |       |       |       |       |     2 |       |       |       |       ||     2
         Boomerang         |       |       |       |       |       |       |     1 |       |       ||     1
   Cast: Scorch            |    36 |    33 |    84 |   160 |   254 |   397 |   546 |   198 |       ||  1708
         Foxfire           |       |     6 |   131 |   237 |   547 |   226 |    19 |       |       ||  1166
         Summon Lightning  |       |       |       |    34 |   165 |   158 |    82 |    86 |    63 ||   588
         Confusing Touch   |       |       |       |     1 |       |       |       |       |       ||     1
         Passage of Golubr |       |       |       |       |    25 |    14 |    15 |    33 |    19 ||   106
         Passwall          |       |       |       |       |     1 |       |       |       |       ||     1
         Eringya's Noxious |       |       |       |       |    42 |   145 |   171 |   113 |    30 ||   501
         Enfeeble          |       |       |       |       |       |    43 |   229 |   139 |   100 ||   511
         Silence           |       |       |       |       |       |     1 |       |       |       ||     1
         Starburst         |       |       |       |       |       |       |    12 |     9 |       ||    21
         Dragon Form       |       |       |       |       |       |       |     1 |       |       ||     1
         Ignition          |       |       |       |       |       |       |       |   507 |   477 ||   984
         Disjunction       |       |       |       |       |       |       |       |       |    12 ||    12
         Chain Lightning   |       |       |       |       |       |       |       |       |   364 ||   364
 Invoke: Fiery Armour      |       |     1 |       |     1 |     1 |       |       |       |     1 ||     4
Ability: Evoke Blink       |       |       |       |       |       |       |       |     1 |       ||     1
  Evoke: Wand              |       |       |       |     1 |     3 |     8 |     3 |     3 |    16 ||    34
         Phantom mirror    |       |       |       |       |     2 |     1 |       |     1 |     1 ||     5
         Condenser vane    |       |       |       |       |     1 |       |       |       |       ||     1
         Lightning rod     |       |       |       |       |       |     4 |     1 |     2 |       ||     7
    Use: Potion            |       |     1 |       |       |     4 |     1 |     2 |     1 |    26 ||    35
         Scroll            |       |       |     9 |     7 |     9 |    19 |     2 |     2 |     7 ||    55
   Stab: Sleeping          |       |       |       |       |       |       |     1 |       |       ||     1
         Distracted        |       |       |       |       |       |       |       |     2 |     9 ||    11
         Invisible         |       |       |       |       |       |       |       |     4 |     5 ||     9
         Betrayed ally     |       |       |       |       |       |       |       |     2 |       ||     2
         Paralysed         |       |       |       |       |       |       |       |       |    11 ||    11
 Armour: Robe              |     1 |     5 |       |       |       |       |       |       |       ||     6
         Leather armour    |       |       |     4 |       |       |       |       |       |       ||     4
         Acid dragon scale |       |       |       |    20 |       |       |       |       |       ||    20
         Troll leather arm |       |       |       |     6 |    46 |       |       |       |       ||    52
         Ring mail         |       |       |       |       |     7 |   249 |   362 |   195 |   114 ||   927
         Skin              |       |       |       |       |       |       |     4 |       |    23 ||    27
  Dodge: Dodged            |    24 |     8 |    26 |    83 |   152 |   217 |   332 |   242 |   229 ||  1313
  Block: Buckler           |       |       |       |       |       |    76 |   219 |   194 |    43 ||   532
         Kite shield       |       |       |       |       |       |       |       |       |   147 ||   147

Levels and vault maps discovered:
D:1:      spicycebolla_arrival_risky_transporter, layout_basic
D:2:      layout_basic
D:3:      layout_loops_ring
D:4:      layout_cave_pods, nicolae_overflows_in_rows, temple_doors_cd,
          serial_shops, shop, gup_sewer_entry_pipe
D:5:      layout_basic
D:6:      layout_loops_ring
D:7:      layout_basic, kennysheep_vampire_church
D:8:      layout_gridville, uniq_psyche, uniq_joseph
D:9:      layout_basic, erik_lair_dragon
D:10:     nicolae_BIG_FREAKIN_CUBE, layout_basic, minivault_26
D:11:     layout_long_grid, gauntlet_entry_generic, roderic_batcave,
          minmay_fractal_squares_gapless_5
D:12:     layout_roguey
D:13:     layout_basic, serial_shops, nicolae_shop_tiny_real_fake_doors,
          minmay_fountain_box, nicolae_take_the_stairs
D:14:     layout_rooms, david_vaults_1, lemuel_flamethrower_2
D:15:     hangedman_depths_entry_civil_slaughter, layout_layer_cave,
          portal_ice_cave_entry_pillars_three, nicolae_trove_entry_path_of_doom,
          onia_ninara_cookie
Temple:   hellmonk_temple_micro_hex
Lair:1:   layout_big_grid, nzn_random_ring, serial_bayou_shore_b
Lair:2:   layout_roguey, minmay_swamp_entry_reptiles, gammafunk_ghost_hive,
          basic_altar, nicolae_quartered_pool_medium
Lair:3:   layout_loops_ring, minmay_snake_entry_guardpost_small, enter_volcano_2
Lair:4:   nzn_winding_woodlands_medium [nzn_winding_woodlands_hourglass,
          nzn_winding_woodlands_5x15_pool, nzn_winding_woodlands_5x5_cross,
          nzn_winding_woodlands_5x5_three, nzn_winding_woodlands_center_garden,
          nzn_winding_woodlands_5x5_closed_star,
          nzn_winding_woodlands_5x5_default, nzn_winding_woodlands_5x15_jagged,
          nzn_winding_woodlands_5x5_default], layout_long_grid, slime_entry_1,
          st_stairs_3, chequers_serial_rivers_micro_b
Lair:5:   guppyfry_lair_end_dragon, layout_regular_city,
          hangedman_lair_in_review, minivault_19, uniq_kirke
Swamp:1:  layout_basic_swamp, serial_swamp_ruin, evilmike_swamp_ruin_house_1,
          hangedman_swamp_ruin_wall, evilmike_swamp_ruin_rubble_2
Swamp:2:  layout_falls_marsh, evilmike_swamp_ruin_house_5,
          nzn_swamp_weyward_sisters
Swamp:3:  layout_falls_marsh, nicolae_swamp_round_clearing,
          hangedman_swamp_lotus, nicolae_swamp_stuck_in_the_mud, uniq_jorgrun
Swamp:4:  swamp_alternative, layout_basic_swamp
Snake:1:  layout_misc_corridors, serial_bayou_lagoon_a
Snake:2:  layout_misc_corridors, drop_trap, grunt_megastairs_2, uniq_saint_roka,
          uniq_aizul
Snake:3:  layout_layer_cave, serial_shops, shop_statue, minmay_shop_grove,
          grunt_megastairs_5, serial_bayou_shore_a
Snake:4:  hellmonk_snake_rune_quicksilver_temple, layout_cave_town,
          ebering_ghost_xom, nicolae_snake_salamander_jacuzzi,
          lemuel_fruit_tree, uniq_nikola
Slime:1:  layout_caves
Slime:2:  cheibrodos_slime_lost_civilization_10, layout_caves
Slime:3:  layout_caves, dissolution_awaits
Slime:4:  layout_caves
Slime:5
Orc:1:    layout_diamond_mine
Orc:2:    st_orc_town, layout_caves, serial_shops, shop, shop, shop,
          nicolae_shop_tiny_real_fake_doors, nicolae_shop_tiny_waterfront,
          abandoned_shop
Elf:1:    nicolae_elf_arrival_fired_up, layout_gridlike,
          hangedman_elven_crosses_minicolossus, nicolae_elf_blasts_and_bolts,
          uniq_louise
Elf:2:    nicolae_elf_blades_splatter_lattice [nicolae_blade_tridents],
          layout_geoelf_octagon
Elf:3:    minmay_elf_hall_not_hex, layout_gridlike, drop_trap, uniq_zenata
Vaults:1: v_misc_9, nicolae_vaults_tetromino_Z_2, v_misc_12, st_smaller_cells,
          nicolae_vaults_closet_pinwheel_4, vaults_room_hallway,
          nicolae_vaults_mini_display_case, layout_vaults_big_room,
          serial_shops, shop
Vaults:2: vaults_room_pools, vaults_room_grid, v_alt_pattern_3,
          nicolae_vaults_closet_pinwheel_3, v_misc_8, grunt_tower_of_power,
          vaults_room_door_ring, v_misc_28, nicolae_vaults_door_testing_chamber,
          nicolae_vaults_octothorpe, nicolae_vaults_double_plus_2, serial_ice_h,
          vaults_room_hallway, vaults_room_octagon,
          nicolae_vaults_tetromino_L_1, layout_vaults_omnicross
Vaults:3: nicolae_vaults_shipping_containers_7, ontoclasm_vaults_spin,
          ontoclasm_vaults_claustrophobia, nicolae_vaults_house_1,
          minmay_crypt_entry_vampire_xt, vaults_room_fours,
          nicolae_vaults_trapezoid_3, layout_vaults_omnigrid, serial_shops, shop
Vaults:4: nicolae_vaults_storage_closets_2, nicolae_vaults_circle_grid_a,
          nicolae_vaults_trapezoid_1, nicolae_vaults_closet_pinwheel_5,
          nicolae_vaults_house_1, vaults_dpeg_cross,
          nicolae_vaults_variable_pillar_hall, v_misc_33,
          nicolae_vaults_murderbox, nicolae_vaults_surprise_closet,
          vaults_room_grunt_arrival_ludios, nicolae_vaults_angled_halls,
          layout_vaults_ring
Vaults:5: serial_shops, uniq_frederick
Depths:1: layout_honeycomb, abyss_entry, hangedman_coc_ice_floe,
          kilobyte_mutagenic_chamber, uniq_sojobo
Depths:2: evilmike_marble_ring, layout_gridlike, enter_ziggurat_c,
          nicolae_ru_sacrificial_ziggurat, abyss_entry, grunt_pan_entry_sceptre,
          hell_entry, infiniplex_staircase_zigzag_2, uniq_josephina
Depths:3: hangedman_box_tower, layout_long_grid, abyss_entry_small_statue_room,
          serial_sigils_hangedman_scar, pf_hell_entry_tar_river, pan_entry,
          evilmike_ruin_ashenzari, uniq_parghit, uniq_margery
Depths:4: grunt_zot_entry_pinwheel, layout_cross, serial_shops,
          nicolae_shop_trees, grunt_hell_horde, minmay_misc_feat_chi,
          hangedman_abyss_entry_splay, grunt_megastairs_1
Zot:1:    gammafunk_sealed_arena, layout_misc_corridors
Zot:2:    lemuel_draconian_sentries_small, layout_twisted_circle
Zot:3:    layout_misc_corridors, grunt_megastairs_3, lemuel_elevator
Zot:4:    layout_misc_corridors
Zot:5:    layout_basic

Notes
Turn   | Place    | Note
-------+----------+-------------------------------------------
     0 | D:1      | Ntrails the Djinni Cinder Acolyte began the quest for the
                  | Orb.
     0 | D:1      | Ntrails set off with the following spells memorised:
                  | Scorch.
     0 | D:1      | Reached XP level 1. HP: 20/20 MP: 0/0
     0 | D:1      | magus.rc [v1.11.6]
   342 | D:1      | Reached XP level 2. HP: 13/25 MP: 0/0
  1104 | D:1      | Reached XP level 3. HP: 28/30 MP: 0/0
  1104 | D:1      | Learned a level 1 spell: Foxfire
  1233 | D:2      | Reached skill level 1 in Dodging
  1323 | D:2      | Reached skill level 1 in Armour
  2074 | D:3      | Reached skill level 1 in Stealth
  2178 | D:3      | Reached XP level 4. HP: 28/35 MP: 0/0
  2440 | D:3      | You are sucked into a shaft and drop 2 floors!
  2440 | D:5      | Entered Level 5 of the Dungeon
  2463 | D:5      | Noticed an ice beast
  2469 | D:5      | Killed an ice beast
  2470 | D:5      | Reached skill level 2 in Armour
  2470 | D:5      | Reached skill level 2 in Dodging
  2470 | D:5      | Reached skill level 3 in Spellcasting
  2470 | D:5      | Reached XP level 5. HP: 9/41 MP: 0/0
  2470 | D:5      | Learned a level 2 spell: Passwall
  2608 | D:5      | Reached XP level 6. HP: 46/47 MP: 0/0
  2714 | D:5      | Noticed an ogre
  2724 | D:5      | Killed an ogre
  2725 | D:5      | Reached skill level 4 in Fighting
  2725 | D:5      | Reached skill level 2 in Stealth
  2938 | D:4      | Reached XP level 7. HP: 37/52 MP: 0/0
  2938 | D:4      | Learned a level 3 spell: Confusing Touch
  2942 | D:4      | Found Cebubb's Assorted Antiques.
  3189 | D:4      | Found a glowing drain.
  3197 | Sewer    | Entered a sewer
  3564 | Sewer    | Reached skill level 3 in Dodging
  3608 | Sewer    | Reached skill level 3 in Armour
  3790 | D:4      | Bought a scroll labelled SOBIECK WOAPOKH for 29 gold pieces
  3790 | D:4      | Bought a bubbling puce potion for 26 gold pieces
  3790 | D:4      | Bought a purple potion for 26 gold pieces
  3790 | D:4      | Bought a scroll labelled SOBIECK WOAPOKH for 29 gold pieces
  3790 | D:4      | Bought a blackened tourmaline ring for 145 gold pieces
  4012 | D:4      | Found a staircase to the Ecumenical Temple.
  4049 | D:4      | Found a white marble altar of Elyvilon.
  4049 | D:4      | Found a stormy altar of Qazlal.
  4054 | D:4      | Found a bloodstained altar of Trog.
  4055 | D:4      | Found a broken altar of Ashenzari.
  4055 | D:4      | Found a hazy altar of Hepliaklqana.
  4056 | D:4      | Found a blossoming altar of Fedhas.
  4057 | D:4      | Found a basalt altar of Yredelemnul.
  4057 | D:4      | Found a shimmering altar of Xom.
  4067 | D:4      | Found an opulent altar of Gozag.
  4068 | D:4      | Found a glowing silver altar of Zin.
  4068 | D:4      | Found a burning altar of Makhleb.
  4069 | D:4      | Found a hide-covered altar of Uskayaw.
  4437 | Temple   | Entered the Ecumenical Temple
  4845 | D:4      | Identified a scroll of acquirement
  4850 | D:4      | Acquired the ring of Fragile Peace {Wiz rElec rCorr Str+6
                  | Int+4}
  4958 | D:5      | Reached skill level 3 in Stealth
  4959 | D:5      | Reached XP level 8. HP: 44/58 MP: 0/0
  5028 | D:5      | Reached skill level 4 in Spellcasting
  5108 | D:5      | Reached skill level 5 in Fighting
  5108 | D:5      | Reached skill level 4 in Dodging
  5641 | D:6      | Reached skill level 4 in Armour
  6440 | D:6      | Acquired the ring of Conversion {rElec rF+ rN+ Will+ Str+4}
  6705 | D:7      | Reached skill level 5 in Spellcasting
  6861 | D:7      | Noticed a cyclops
  6877 | D:7      | Killed a cyclops
  6878 | D:7      | Reached skill level 6 in Fighting
  6878 | D:7      | Reached XP level 9. HP: 60/66 MP: 0/0
  6878 | D:7      | Learned a level 4 spell: Passage of Golubria
  6911 | D:7      | Reached skill level 6 in Spellcasting
  7503 | D:8      | Reached skill level 7 in Fighting
  7599 | D:8      | Noticed Psyche
  7610 | D:8      | Killed Psyche
  7611 | D:8      | Reached XP level 10. HP: 73/75 MP: 0/0
  7658 | D:8      | Reached skill level 7 in Spellcasting
  7667 | D:8      | Reached skill level 5 in Dodging
  7770 | D:8      | Reached skill level 5 in Armour
  7822 | D:8      | Noticed Joseph
  7901 | D:8      | Killed Joseph
  8132 | D:8      | Reached skill level 8 in Fighting
  8294 | D:9      | Reached skill level 6 in Dodging
  8317 | D:9      | Reached skill level 6 in Armour
  8379 | D:9      | Reached skill level 8 in Spellcasting
  8379 | D:9      | Reached XP level 11. HP: 34/82 MP: 0/0
  8379 | D:9      | Learned a level 4 spell: Summon Lightning Spire
  8607 | D:9      | Noticed a two-headed ogre
  8617 | D:9      | Killed a two-headed ogre
  8618 | D:9      | Reached skill level 9 in Fighting
  8788 | D:9      | Identified the +1 quarterstaff of Ynivvufui {flame, Str-3
                  | Int+4 Dex+3}
  8929 | D:9      | Found a staircase to the Lair.
  9003 | D:9      | magus.rc [v1.11.6]
  9052 | D:10     | Entered Level 10 of the Dungeon
  9203 | D:10     | Reached skill level 10 in Fighting
  9508 | D:10     | Found a staircase to the Orcish Mines.
  9623 | D:10     | Reached skill level 9 in Spellcasting
  9933 | Lair:1   | Entered Level 1 of the Lair of Beasts
  9946 | Lair:1   | Reached skill level 7 in Dodging
  9997 | Lair:1   | Reached skill level 1 in Evocations
 10017 | Lair:1   | Reached skill level 2 in Evocations
 10017 | Lair:1   | Reached XP level 12. HP: 73/93 MP: 0/0
 10341 | Lair:1   | Reached skill level 8 in Dodging
 10345 | Lair:1   | Reached skill level 11 in Fighting
 10345 | Lair:1   | Reached skill level 3 in Evocations
 10376 | Lair:1   | Noticed a boulder beetle
 10390 | Lair:1   | Killed a boulder beetle
 10429 | Lair:1   | Reached skill level 4 in Evocations
 10463 | Lair:1   | Noticed a five-headed hydra
 10468 | Lair:1   | Killed a five-headed hydra
 10469 | Lair:1   | Reached skill level 9 in Dodging
 10636 | Lair:1   | Reached skill level 5 in Evocations
 11294 | Lair:2   | Reached skill level 12 in Fighting
 11340 | Lair:2   | Reached skill level 6 in Evocations
 11340 | Lair:2   | Reached XP level 13. HP: 88/101 MP: 0/0
 11340 | Lair:2   | Learned a level 5 spell: Silence
 11374 | Lair:2   | Reached skill level 10 in Dodging
 11708 | Lair:2   | Found a shimmering altar of Xom.
 11892 | Lair:2   | Reached skill level 7 in Evocations
 12004 | Lair:2   | Found a staircase to the Swamp.
 12047 | Lair:2   | Found a transporter.
 12055 | Lair:2   | Found a transporter.
 12057 | Lair:2   | Noticed Vorhees's ghost (journeyman DrAE)
 12409 | Lair:3   | Found a dark tunnel.
 12418 | Volcano  | Entered a volcano
 12610 | Volcano  | Reached skill level 13 in Fighting
 12786 | Volcano  | Found a bloodstained altar of Trog.
 12786 | Volcano  | Noticed a centaur warrior
 12798 | Volcano  | Killed a centaur warrior
 12799 | Volcano  | Reached skill level 8 in Evocations
 12852 | Volcano  | Noticed a red draconian
 12992 | Volcano  | Killed a red draconian
 13392 | Volcano  | N - a +0 quick blade of flaming {rare}
 13700 | Lair:3   | Reached skill level 14 in Fighting
 14293 | Lair:3   | Reached XP level 14. HP: 112/112 MP: 0/0
 14459 | Lair:3   | Found a staircase to the Snake Pit.
 14701 | Lair:3   | magus.rc [v1.11.6]
 14902 | Lair:4   | Found a viscous altar of Jiyva.
 14903 | Lair:4   | Found a staircase to the Slime Pits.
 15190 | Lair:4   | Reached skill level 10 in Spellcasting
 15269 | Lair:4   | Reached skill level 15 in Fighting
 16184 | Lair:4   | magus.rc [v1.11.6]
 16245 | Lair:5   | Entered Level 5 of the Lair of Beasts
 16922 | Lair:5   | Reached skill level 16 in Fighting
 16922 | Lair:5   | Reached skill level 11 in Spellcasting
 17033 | Lair:5   | Reached XP level 15. HP: 121/121 MP: 0/0
 17033 | Lair:5   | Learned a level 6 spell: Eringya's Noxious Bog
 17502 | Lair:5   | Noticed Kirke
 17506 | Lair:5   | Killed Kirke
 18153 | Lair:5   | Acquired a manual of Armour
 18419 | Orc:1    | Entered Level 1 of the Orcish Mines
 18538 | Orc:2    | Entered Level 2 of the Orcish Mines
 18538 | Orc:2    | Found a staircase to the Elven Halls.
 18707 | Orc:2    | Found Byiraoqe's Antique Weapon Boutique.
 18790 | Orc:2    | Found Muakeca's Distillery.
 18826 | Orc:2    | Bought a potion of resistance for 150 gold pieces
 18826 | Orc:2    | Bought a potion of mutation for 120 gold pieces
 18826 | Orc:2    | Bought a potion of degeneration for 15 gold pieces
 19091 | Orc:2    | Reached skill level 17 in Fighting
 19279 | Orc:2    | Reached skill level 7 in Armour
 19280 | Orc:2    | Reached skill level 12 in Spellcasting
 19549 | Orc:2    | Found Byts's Assorted Antiques.
 19551 | Orc:2    | Found Roref's Armour Shop.
 19724 | Orc:2    | Found Xumneshini's General Store.
 19732 | Orc:2    | Bought a potion of lignification for 39 gold pieces
 19732 | Orc:2    | Bought a scroll of immolation for 52 gold pieces
 19732 | Orc:2    | Bought a scroll of identify for 26 gold pieces
 19772 | Orc:2    | Found Ihaleh's Assorted Antiques.
 19772 | Orc:2    | Found Geroud's General Store.
 19777 | Orc:2    | Bought a scroll labelled XESMIH JYL for 26 gold pieces
 19823 | Orc:2    | Found Wuippeng's Armour Emporium.
 19823 | Orc:2    | Found Moxzer's Antique Armour Shop.
 19866 | Orc:2    | Bought an ichor-stained spear for 232 gold pieces
 19866 | Orc:2    | Identified the +8 spear of Red Wine {venom, Will++ MP+9
                  | Int-4 Dex+3} (You bought it in a shop on level 2 of the
                  | Orcish Mines)
 19870 | Orc:2    | You drop a +0 quick blade of flaming {rare}.
 19900 | Orc:2    | Bought a transparent ring mail for 180 gold pieces
 19900 | Orc:2    | Identified the +7 ring mail of Aggal {rElec Int+4} (You
                  | bought it in a shop on level 2 of the Orcish Mines)
 20122 | Orc:2    | Bought 2 potions of heal wounds for 280 gold pieces
 20191 | Orc:1    | Noticed an orc warlord
 20199 | Orc:1    | Killed an orc warlord
 20351 | Orc:1    | Reached skill level 8 in Armour
 20898 | D:11     | Found a gate leading to a gauntlet.
 20914 | Gauntlet | Entered a Gauntlet
 20914 | Gauntlet | Found a transporter.
 20914 | Gauntlet | Found a transporter.
 20914 | Gauntlet | Found a transporter.
 20934 | Gauntlet | Found a transporter.
 20934 | Gauntlet | Found a transporter.
 20946 | Gauntlet | Found a transporter.
 20948 | Gauntlet | Found a transporter.
 20958 | Gauntlet | Found a transporter.
 20976 | Gauntlet | Found a transporter.
 20983 | Gauntlet | Identified the +3 kite shield of Wu Jian's Approval {rPois
                  | rN++ Str+3 Int-3}
 20999 | Gauntlet | Found a transporter.
 21001 | Gauntlet | Found a transporter.
 21011 | Gauntlet | Found a transporter.
 21157 | Gauntlet | Identified the +1 pair of gloves "Velipleg" {+Blink Regen+
                  | Stlth+}
 21249 | Gauntlet | Identified the ring "Xifuyhaoca" {rF- rC+ AC+4 Str+2}
 21335 | Gauntlet | Reached XP level 16. HP: 130/130 MP: 0/0
 21462 | D:11     | Reached skill level 9 in Armour
 21815 | D:11     | Reached skill level 1 in Shields
 22517 | D:12     | Reached skill level 2 in Shields
 23307 | D:13     | Found Hiah's Assorted Antiques.
 23539 | D:13     | Found Wioggyun's Antique Weapon Shop.
 23645 | D:13     | Reached skill level 10 in Armour
 23897 | D:14     | Reached skill level 3 in Shields
 24069 | D:13     | Bought a scroll of enchant armour for 195 gold pieces
 24069 | D:13     | Bought a shiny granite ring for 130 gold pieces
 24182 | D:14     | Found a gate to the Vaults.
 24366 | D:14     | Reached skill level 4 in Shields
 24938 | D:15     | Entered Level 15 of the Dungeon
 25103 | D:15     | Reached skill level 18 in Fighting
 25109 | D:15     | Found a frozen archway.
 25119 | IceCv    | Entered an ice cave
 25674 | IceCv    | Reached skill level 13 in Spellcasting
 25691 | IceCv    | Reached skill level 5 in Shields
 25816 | IceCv    | HP: 5/132 [golden dragon simulacrum (45)]
 26445 | IceCv    | Acquired a manual of Shields
 26514 | D:15     | magus.rc [v1.11.6]
 26601 | D:15     | Found a staircase to the Depths.
 26665 | D:15     | Reached skill level 11 in Armour
 26750 | D:15     | Reached XP level 17. HP: 129/138 MP: 0/0
 26750 | D:15     | Learned a level 7 spell: Enfeeble
 27144 | D:15     | Found a portal to a secret trove of treasure.
 27383 | D:15     | Reached skill level 14 in Spellcasting
 27974 | D:15     | This trove needs +4 fire dragon scales to function. Give it
                  | the item?
 29170 | Lair:2   | magus.rc [v1.11.6]
 29171 | Swamp:1  | Entered Level 1 of the Swamp
 29313 | Swamp:1  | Identified the +10 dagger of Valol {flame, *Noise +Blink
                  | rC+ SInv}
 29677 | Swamp:1  | Noticed a tentacled monstrosity
 29706 | Swamp:1  | Killed a tentacled monstrosity
 29811 | Swamp:1  | You are sucked into a shaft and drop 1 floor!
 29838 | Swamp:2  | Reached skill level 15 in Spellcasting
 30868 | Swamp:2  | Found a runed translucent door.
 30918 | Swamp:2  | Identified the +10 scimitar "Ydikh" {elec, rElec rC+
                  | Will+++ Str-5}
 30946 | Swamp:2  | magus.rc [v1.11.6]
 30996 | Swamp:3  | Reached XP level 18. HP: 143/145 MP: 0/0
 31158 | Swamp:3  | Noticed Jorgrun
 31164 | Swamp:3  | Killed Jorgrun
 31332 | Swamp:3  | magus.rc [v1.11.6]
 31465 | Swamp:3  | Reached skill level 4 in Stealth
 31739 | Swamp:4  | Entered Level 4 of the Swamp
 31834 | Swamp:4  | Reached skill level 12 in Armour
 32120 | Swamp:4  | magus.rc [v1.11.6]
 32197 | Swamp:4  | Reached skill level 9 in Evocations
 32267 | Swamp:4  | Reached skill level 11 in Dodging
 32286 | Swamp:4  | Noticed the 27-headed Lernaean hydra
 32291 | Swamp:4  | Killed the 27-headed Lernaean hydra
 32610 | Swamp:4  | Got a decaying rune of Zot
 32925 | Lair:2   | magus.rc [v1.11.6]
 32973 | Snake:1  | Entered Level 1 of the Snake Pit
 33476 | D:15     | This trove needs +4 fire dragon scales to function. Give it
                  | the item?
 33476 | D:15     | You paid a toll of +4 fire dragon scales to enter a
                  | treasure trove
 33477 | Trove    | Entered a treasure trove
 33484 | Trove    | Identified the ring "Dafewibb" {Fire Str+5 Dex+3}
 33488 | Trove    | Identified the amulet of Symmetry {Acrobat Rampage rC+
                  | Stlth+}
 33490 | Trove    | Identified the ring "Iveip" {Fire Int+3 Dex-2 Stlth+}
 33492 | Trove    | Identified the ring "Lubikubb" {rN+ AC+4 Str+2 Int-4}
 33494 | Trove    | Identified the amulet "Zoniol" {Reflect rElec Will+ SH+5}
 33498 | Trove    | Identified the ring of Dithmenos's Whim {Wiz rElec rF++
                  | Stlth+}
 33504 | Trove    | Identified the ring "Koczu" {Wiz rElec rF+ rN++ Slay-2
                  | Stlth+}
 33509 | Trove    | Identified the ring of Faocvuup {Ice rN+ rCorr MP+9}
 33511 | Trove    | Identified the ring "Boymes" {rPois MP+9 AC+4 Str+4}
 33543 | D:15     | Acquired a manual of Long Blades
 33995 | Lair:3   | magus.rc [v1.11.6]
 34311 | Snake:1  | Reached XP level 19. HP: 132/152 MP: 0/0
 34311 | Snake:1  | Learned a level 6 spell: Starburst
 34312 | Snake:1  | Reached skill level 10 in Evocations
 34529 | Snake:2  | Noticed Aizul
 34588 | Snake:2  | Noticed Saint Roka
 34604 | Snake:2  | Killed Saint Roka
 34605 | Snake:2  | Reached skill level 1 in Long Blades
 34766 | Snake:2  | Reached skill level 2 in Long Blades
 34815 | Snake:2  | Reached skill level 12 in Dodging
 34987 | Snake:2  | Killed Aizul
 35093 | Snake:2  | Reached skill level 3 in Long Blades
 35253 | Snake:2  | You are sucked into a shaft and drop 1 floor!
 35593 | Snake:3  | Found Xujyty's Antique Armour Shoppe.
 35751 | Snake:3  | Reached skill level 19 in Fighting
 35874 | Snake:3  | Reached skill level 16 in Spellcasting
 36136 | Snake:3  | Reached skill level 4 in Long Blades
 36284 | Snake:3  | Reached skill level 13 in Armour
 36627 | Snake:3  | Reached skill level 5 in Long Blades
 36838 | Snake:3  | Found Ubeen's Jewellery Shop.
 36839 | Snake:3  | Found Afyraoru's Book Shoppe.
 36840 | Snake:3  | Found Ugrimec's Jewellery Shop.
 37081 | Snake:3  | magus.rc [v1.11.6]
 37082 | Snake:4  | Entered Level 4 of the Snake Pit
 37082 | Snake:4  | Noticed Umull's ghost (journeyman MiFi)
 37082 | Snake:4  | Found a runed translucent door.
 37082 | Snake:4  | Found a shimmering altar of Xom.
 37407 | Snake:4  | Reached skill level 11 in Evocations
 37417 | Snake:4  | Reached skill level 6 in Long Blades
 37579 | Snake:4  | Noticed Nikola
 37592 | Snake:4  | Killed Nikola
 37717 | Snake:4  | Reached XP level 20. HP: 160/160 MP: 0/0
 38108 | Snake:4  | Reached skill level 7 in Long Blades
 38738 | Snake:4  | Got a serpentine rune of Zot
 39165 | Elf:1    | Entered Level 1 of the Elven Halls
 39267 | Elf:1    | Paralysed by an air elemental for 1 turns
 39271 | Elf:1    | Paralysed by an air elemental for 1 turns
 39799 | Elf:1    | Identified the +8 plate armour "Gimualal" {Dex+3}
 39869 | Elf:1    | Noticed Louise
 39876 | Elf:1    | Killed Louise
 40042 | Elf:1    | Paralysed by an air elemental for 1 turns
 40044 | Elf:1    | Paralysed by an air elemental for 1 turns
 40132 | Elf:1    | Reached skill level 12 in Evocations
 40220 | Elf:1    | Reached skill level 6 in Shields
 40584 | Elf:1    | magus.rc [v1.11.6]
 40759 | Elf:2    | Found a runed translucent gate.
 40760 | Elf:2    | Found a runed translucent gate.
 40760 | Elf:2    | Found a runed translucent gate.
 40935 | Elf:2    | Paralysed by an air elemental for 1 turns
 41036 | Elf:2    | Reached skill level 7 in Shields
 41236 | Elf:2    | Reached skill level 20 in Fighting
 41866 | Elf:3    | Entered Level 3 of the Elven Halls
 42201 | Elf:3    | Reached skill level 8 in Long Blades
 42373 | Elf:3    | Reached skill level 8 in Shields
 42437 | Elf:3    | Reached XP level 21. HP: 168/168 MP: 0/0
 42437 | Elf:3    | Learned a level 7 spell: Dragon Form
 42755 | Elf:3    | Identified the +0 plate armour of Objectivity {rF++ rC+
                  | Str+3}
 42847 | Elf:3    | Reached skill level 13 in Dodging
 43268 | Elf:3    | Reached skill level 9 in Shields
 43284 | Elf:3    | Identified the +0 scale mail of the Boiling Point {MP-9
                  | Str+8}
 43290 | Elf:3    | Noticed a Brimstone Fiend
 43573 | Elf:3    | Reached skill level 17 in Spellcasting
 43595 | Elf:3    | Identified the +6 flail of Immorality {flame, Dex+6}
 43595 | Elf:3    | Identified the +4 plate armour "Ricolaw" {rC+}
 43647 | Elf:3    | Noticed Zenata
 43666 | Elf:3    | Killed Zenata
 43686 | Elf:3    | a +3 triple sword of holy wrath {rare}; a +2 leather armour
                  | of positive energy; the human corpse of Zenata
 43790 | Elf:3    | Reached skill level 10 in Shields
 44169 | Elf:3    | Identified the ring of Gin and Tonic {*Slow rC+ EV+5 Str+6
                  | Dex-2}
 44316 | Elf:3    | Identified the ring of Ceghoece {Contam +Blink rC+ Int+4
                  | Dex+2}
 44316 | Elf:3    | a deep elf death mage comes into view. It is wielding the
                  | +9 sword of Zonguldrok {reap} and wearing the ring of
                  | Ceghoece {Contam +Blink rC+ Int+4 Dex+2}.
 44325 | Elf:3    | Aim: a deep elf death mage, wielding the +9 sword of
                  | Zonguldrok {reap}, wearing a +0 leather armour and wearing
                  | the ring of Ceghoece {Contam +Blink rC+ Int+4 Dex+2}
                  | (moderately wounded, fast, ally target, will inflict
                  | weakness and antimagic, chance to daze and blind: 55%)
 44325 | Elf:3    | Aim: a deep elf death mage, wielding the +9 sword of
                  | Zonguldrok {reap}, wearing a +0 leather armour and wearing
                  | the ring of Ceghoece {Contam +Blink rC+ Int+4 Dex+2}
                  | (moderately wounded, fast, ally target, will inflict
                  | weakness and antimagic, chance to daze and blind: 55%)
 44377 | Elf:3    | Identified the +9 sling "Yteu" {antimagic, Stlth+}
 44386 | Elf:3    | Got the Directory of Accomplices
 44621 | Orc:2    | magus.rc [v1.11.6]
 44725 | Vaults:1 | Entered Level 1 of the Vaults
 44920 | Vaults:1 | Found Vumposuh's Antique Weapon Shop.
 44947 | Vaults:1 | Bought a fine spear for 232 gold pieces
 44947 | Vaults:1 | Identified the +0 spear "Ziboror" {protect, Stlth+} (You
                  | bought it in a shop on level 1 of the Vaults)
 45179 | Vaults:1 | Reached skill level 11 in Shields
 45190 | Vaults:1 | Reached skill level 14 in Dodging
 45794 | Vaults:1 | Reached skill level 12 in Shields
 46489 | Vaults:2 | Reached XP level 22. HP: 166/175 MP: 0/0
 46498 | Vaults:2 | Reached skill level 13 in Shields
 46858 | Vaults:2 | Identified the +2 hat of Shadows and Fog {Dex+2 SInv}
 47977 | Vaults:3 | Reached skill level 14 in Shields
 48242 | Vaults:3 | Found a staircase to the Crypt.
 48717 | Vaults:3 | Found Murasm's Magic Scroll Shoppe.
 48737 | Vaults:3 | Bought a scroll of poison for 48 gold pieces
 48737 | Vaults:3 | Bought a scroll of blinking for 90 gold pieces
 48737 | Vaults:3 | Bought a scroll of poison for 48 gold pieces
 48737 | Vaults:3 | Bought a scroll of enchant armour for 90 gold pieces
 48737 | Vaults:3 | Bought a scroll of teleportation for 36 gold pieces
 48737 | Vaults:3 | Bought a scroll of poison for 48 gold pieces
 49794 | Vaults:4 | Found the +6 Majin-Bo {spellvamp, MP+6 Int+6}
 49809 | Vaults:4 | Reached skill level 18 in Spellcasting
 50181 | Vaults:4 | Reached skill level 14 in Armour
 50769 | Vaults:4 | Reached skill level 15 in Dodging
 50823 | Vaults:4 | Reached XP level 23. HP: 183/183 MP: 0/0
 50823 | Vaults:4 | Learned a level 8 spell: Ignition
 51261 | Orc:2    | Bought a potion of curing for 45 gold pieces
 51261 | Orc:2    | Bought a potion of curing for 45 gold pieces
 51261 | Orc:2    | Bought a potion of haste for 150 gold pieces
 51261 | Orc:2    | Bought a potion of curing for 45 gold pieces
 51261 | Orc:2    | Bought a potion of curing for 45 gold pieces
 51289 | Orc:2    | Bought a potion of curing for 78 gold pieces
 51289 | Orc:2    | Bought a scroll of immolation for 104 gold pieces
 51289 | Orc:2    | Bought a scroll of identify for 52 gold pieces
 51291 | Orc:2    | Bought a scroll of summoning for 247 gold pieces
 51311 | Orc:2    | Bought a wand of quicksilver (4) for 218 gold pieces
 51311 | Orc:2    | Bought a potion of curing for 39 gold pieces
 51341 | Orc:2    | Bought a faintly humming ring mail for 252 gold pieces
 51341 | Orc:2    | Identified the +3 ring mail "Zueddo" {rF+ rN++ Will+} (You
                  | bought it in a shop on level 2 of the Orcish Mines)
 51366 | Orc:2    | Bought a wand of roots (7) for 268 gold pieces
 51366 | Orc:2    | Bought a scroll of teleportation for 48 gold pieces
 51594 | Depths:1 | Entered Level 1 of the Depths
 51882 | Depths:1 | Reached skill level 15 in Shields
 51931 | Depths:1 | Noticed Sojobo
 52197 | Depths:1 | Reached skill level 21 in Fighting
 52235 | Depths:1 | Found a gateway to Hell.
 52267 | Depths:1 | Found a one-way gate to the infinite horrors of the Abyss.
 52427 | Depths:1 | Killed Sojobo
 53740 | Depths:1 | Identified the staff of conjuration "Jisilumu" {rElec rF+}
 53741 | Depths:1 | Identified the amulet "Oshrodgh" {Spirit Str+3}
 53829 | Depths:1 | magus.rc [v1.11.6]
 53854 | Depths:2 | Found a one-way gateway to a ziggurat.
 54036 | Depths:2 | Identified the +2 robe of the Invisible Hand {rPois rN+++
                  | SInv Stlth-}
 54074 | Depths:2 | Found a sacrificial altar of Ru.
 54168 | Depths:2 | You are sucked into a shaft and drop 1 floor!
 54337 | Depths:3 | Found a one-way gate leading to the halls of Pandemonium.
 54382 | Depths:3 | Found a broken altar of Ashenzari.
 54593 | Depths:3 | Noticed a caustic shrike
 54869 | Depths:3 | Reached skill level 19 in Spellcasting
 54870 | Depths:3 | a +3 antimagic quick blade {rare}; a +0 robe; a +0 buckler
 54991 | Depths:3 | Identified +7 gold dragon scales
 54991 | Depths:3 | Noticed Parghit
 55387 | Depths:2 | Reached XP level 24. HP: 162/193 MP: 0/0
 56480 | Depths:2 | Identified the ring of Homnakku {Ice rPois Slay+5}
 56480 | Depths:2 | Noticed Josephina
 56494 | Depths:2 | Killed Josephina
 56495 | Depths:2 | Reached skill level 22 in Fighting
 56708 | Depths:2 | magus.rc [v1.11.6]
 56861 | Depths:3 | Noticed a caustic shrike
 56871 | Depths:3 | Killed a caustic shrike
 56917 | Depths:3 | magus.rc [v1.11.6]
 57208 | Depths:3 | Reached skill level 20 in Spellcasting
 57431 | Depths:3 | +0 shadow dragon scales {rare}; a shadow dragon corpse
 57721 | Depths:3 | +0 shadow dragon scales {rare}; a shadow dragon corpse
 57797 | Depths:3 | +0 shadow dragon scales {rare}; a shadow dragon corpse
 58050 | Depths:3 | Killed a caustic shrike
 58111 | Depths:3 | Noticed Margery
 58246 | Depths:3 | Killed Margery
 58258 | Depths:3 | a +0 demon trident; +0 shadow dragon scales {rare}; the
                  | human corpse of Margery
 58295 | Depths:3 | Noticed an ancient lich
 58486 | Depths:3 | Identified the +1 robe "Besoet" {rElec}
 58623 | Depths:3 | magus.rc [v1.11.6]
 58704 | Depths:3 | Identified the +3 scale mail of Bisti {Harm rF- Str+2}
 59049 | Depths:3 | Found Kouhuwyll's Weapon Emporium.
 59049 | Depths:3 | Found Zaddej's General Store.
 59055 | Depths:3 | Reached XP level 25. HP: 166/199 MP: 0/0
 59055 | Depths:3 | Learned a level 8 spell: Disjunction
 59067 | Depths:3 | Found Husaf's Jewellery Emporium.
 59067 | Depths:3 | Found Eseaqix's Jewellery Shop.
 59092 | Depths:3 | Killed Parghit
 59093 | Depths:3 | Reached skill level 21 in Spellcasting
 59127 | Depths:3 | Bought a potion of curing for 57 gold pieces
 59127 | Depths:3 | Bought a scroll of immolation for 76 gold pieces
 59127 | Depths:3 | Identified a +1 robe of the Archmagi
 59181 | Depths:4 | Entered Level 4 of the Depths
 59486 | Depths:4 | Noticed a caustic shrike
 59492 | Depths:4 | Killed a caustic shrike
 59492 | Depths:4 | Noticed a caustic shrike
 59493 | Depths:4 | Noticed a caustic shrike
 59699 | Depths:3 | Killed a caustic shrike
 59734 | Depths:3 | Killed a caustic shrike
 59846 | Depths:4 | Found Jomiuzib's Antique Armour Shop.
 59932 | Depths:4 | Bought a creamy pearl robe for 165 gold pieces
 59932 | Depths:4 | Identified the +1 robe of Suemuph {rF+ Will- Slay+3} (You
                  | bought it in a shop on level 4 of the Depths)
 60252 | Depths:4 | Identified +0 gold dragon scales
 60304 | Depths:4 | +0 gold dragon scales {rare}; a golden dragon corpse
 60318 | Depths:4 | +0 gold dragon scales {rare}; a golden dragon corpse
 60742 | Depths:4 | Identified +0 gold dragon scales
 60749 | Depths:4 | Found a gate to the Realm of Zot.
 61049 | Depths:3 | +7 gold dragon scales {rare}; 5 large rocks {=f}; a +0
                  | troll leather armour {Parghit}
 61050 | Depths:3 | X - +7 gold dragon scales {rare}
 61061 | Depths:3 | You finish putting on your +7 gold dragon scales {rare}.
 61066 | Depths:3 | You finish taking off your +7 gold dragon scales {rare}.
 61071 | Depths:3 | You drop +7 gold dragon scales {rare}.
 61409 | Lair:4   | magus.rc [v1.11.6]
 61410 | Slime:1  | Entered Level 1 of the Pits of Slime
 61902 | Slime:2  | Reached skill level 22 in Spellcasting
 62449 | Slime:3  | Noticed Dissolution
 62462 | Slime:2  | Killed Dissolution
 63302 | Slime:4  | Gained mutation: You sometimes lose your temper in combat.
                  | [a shining eye]
 63667 | Slime:5  | Entered Level 5 of the Pits of Slime
 63694 | Slime:5  | Reached XP level 26. HP: 149/205 MP: 0/0
 63713 | Slime:5  | Reached skill level 5 in Stealth
 64056 | Slime:5  | Noticed the Royal Jelly
 64223 | Slime:5  | Gained mutation: You occasionally lose the ability to drink
                  | potions when taking damage. [a shining eye]
 64229 | Slime:4  | Lost mutation: You occasionally lose the ability to drink
                  | potions when taking damage. [potion of mutation]
 64229 | Slime:4  | Lost mutation: You sometimes lose your temper in combat.
                  | [potion of mutation]
 64229 | Slime:4  | Gained mutation: You passively map a small area around you.
                  | [potion of mutation]
 64229 | Slime:4  | Gained mutation: You are partially covered in iridescent
                  | scales. (AC +2) [potion of mutation]
 64469 | Slime:5  | Found a viscous altar of Jiyva.
 64599 | Slime:5  | Killed the Royal Jelly
 64769 | Slime:5  | Got the Codex of Nival Curses
 64774 | Slime:5  | Identified the +4 shortbow of Chance {elec, rF+ SInv}
 64780 | Slime:5  | Identified the +1 quarterstaff of the Vaults {freeze,
                  | Dex+4}
 64786 | Slime:5  | Identified the +1 helmet of the Tortured God {rC+ Dex+2
                  | Slay-3}
 64791 | Slime:5  | Identified the +6 rapier of Pomeluh {freeze, rF++ rN+ Str-5
                  | Int+2}
 64802 | Slime:5  | Identified the +12 flail "Qycluk" {heavy, Fly rF+}
 64807 | Slime:5  | Got a slimy rune of Zot
 64852 | Slime:5  | Identified the +9 long sword of the Equinox {protect,
                  | *Noise rElec Will+ SInv}
 64867 | Slime:5  | Identified the ring "Wurphud" {rPois Will+ rCorr Int+4}
 64916 | Slime:5  | magus.rc [v1.11.6]
 65578 | Vaults:5 | Entered Level 5 of the Vaults
 65581 | Vaults:5 | Noticed a dread lich
 65598 | Vaults:5 | Killed a dread lich
 65662 | Vaults:4 | magus.rc [v1.11.6]
 65667 | Vaults:5 | Noticed an ancient lich
 65668 | Vaults:5 | Reached skill level 6 in Stealth
 65669 | Vaults:5 | Noticed an ancient lich
 65736 | Vaults:5 | Reached skill level 13 in Evocations
 65738 | Vaults:5 | Reached skill level 16 in Dodging
 65739 | Vaults:5 | Killed an ancient lich
 65740 | Vaults:5 | Reached XP level 27. HP: 128/213 MP: 0/0
 65740 | Vaults:5 | Learned a level 9 spell: Chain Lightning
 65741 | Vaults:5 | Reached skill level 15 in Armour
 65741 | Vaults:5 | Noticed an ancient lich
 65798 | Vaults:5 | Reached skill level 16 in Shields
 65800 | Vaults:5 | Killed an ancient lich
 65858 | Vaults:5 | Killed an ancient lich
 66116 | Vaults:5 | +0 shadow dragon scales {rare}; a shadow dragon skeleton
 66130 | Vaults:5 | Found Laokhlery's General Store.
 66136 | Vaults:5 | Bought a wand of roots (3) for 136 gold pieces
 66136 | Vaults:5 | Bought a scroll of teleportation for 57 gold pieces
 66136 | Vaults:5 | Bought a scroll of teleportation for 57 gold pieces
 66310 | Vaults:5 | Identified the ring of Cohuow {Fly Str+5 SInv}
 66423 | Vaults:5 | +0 shadow dragon scales {rare}; a +0 chain mail; a +0
                  | battleaxe
 66442 | Vaults:5 | Identified +0 gold dragon scales
 66504 | Vaults:5 | Identified the +1 chain mail "Haxzit Ithyt" {rF- rC+++
                  | Slay+5 SInv}
 66550 | Vaults:5 | Got the Vellum of Distance
 66553 | Vaults:5 | Identified the +0 helmet of Analysis {*Slow Str+3 Dex+5
                  | SInv}
 66556 | Vaults:5 | Got a silver rune of Zot
 66642 | Vaults:5 | Identified the +6 flail of the Realm of Zot {venom, rF+
                  | Int+3 Dex+3}
 66727 | Vaults:5 | Identified a +2 robe of the Archmagi
 66748 | Vaults:5 | Noticed Frederick
 66796 | Vaults:5 | Killed Frederick
 66836 | Vaults:5 | Identified the +0 ring mail "Kugh" {Slay+3}
 66877 | Vaults:5 | +0 shadow dragon scales {rare}; a +0 chain mail; a +0
                  | battleaxe
 67007 | Vaults:5 | Identified the staff of cold "Vunin" {rC+ rCorr}
 68099 | Snake:4  | Killed Umull's ghost
 68112 | Snake:4  | Identified the ring "Keekix" {Int+3 SInv}
 68258 | D:9      | magus.rc [v1.11.6]
 68511 | Zot:1    | Entered Level 1 of the Realm of Zot
 68528 | Zot:1    | Reached skill level 23 in Spellcasting
 68543 | Zot:1    | +0 storm dragon scales {rare}; a storm dragon corpse
 68600 | Zot:1    | Noticed an electric golem
 68652 | Depths:4 | Killed an electric golem
 68710 | Depths:4 | magus.rc [v1.11.6]
 68724 | Zot:1    | Identified +0 gold dragon scales
 68778 | Zot:1    | quicksilver dragon scales {rare}; a quicksilver dragon
                  | corpse
 68805 | Zot:1    | +0 storm dragon scales {rare}; a storm dragon corpse
 68917 | Zot:1    | Found a transporter.
 68934 | Zot:1    | You are sucked into a shaft and drop 1 floor!
 68938 | Zot:2    | Reached skill level 14 in Evocations
 68940 | Zot:2    | Reached skill level 23 in Fighting
 68952 | Zot:2    | Acquired a manual of Shields
 69126 | Zot:1    | Identified the +3 eveningstar "Ricvaeshre" {elec, Dex+3}
 69133 | Zot:1    | Found a transporter.
 69375 | Zot:1    | Reached skill level 17 in Dodging
 70630 | Zot:2    | magus.rc [v1.11.6]
 70633 | Zot:3    | Reached skill level 17 in Shields
 71122 | Zot:3    | Noticed an electric golem
 71146 | Zot:2    | Killed an electric golem
 71543 | Zot:4    | Noticed an orb of fire
 71548 | Zot:4    | Killed an orb of fire
 71604 | Zot:4    | Reached skill level 9 in Long Blades
 71850 | Zot:4    | Identified the ring of Qywytun {Str+2 Dex+6 SInv}
 71888 | Zot:4    | Reached skill level 18 in Shields
 72107 | Zot:4    | Identified +0 gold dragon scales
 72342 | Zot:5    | Entered Level 5 of the Realm of Zot
 72349 | Zot:5    | Reached skill level 24 in Spellcasting
 72466 | Zot:5    | Identified +0 gold dragon scales
 72569 | Zot:5    | Noticed an orb of fire
 72670 | Zot:5    | Noticed a dread lich
 72673 | Zot:5    | Killed a dread lich
 72677 | Zot:5    | Noticed an orb of fire
 72679 | Zot:5    | Killed an orb of fire
 72681 | Zot:5    | Killed an orb of fire
 72689 | Zot:5    | Noticed an orb of fire
 72691 | Zot:5    | Noticed an orb of fire
 72695 | Zot:5    | Killed an orb of fire
 72697 | Zot:5    | Gained mutation: Armour fits poorly on your strangely
                  | shaped body. [an orb of fire]
 72697 | Zot:5    | Noticed an orb of fire
 72756 | Zot:5    | Killed an orb of fire
 72757 | Zot:5    | Reached skill level 24 in Fighting
 72761 | Zot:5    | Noticed an orb of fire
 72765 | Zot:5    | Killed an orb of fire
 72910 | Zot:5    | Killed an orb of fire
 73218 | Zot:5    | Noticed an orb of fire
 73222 | Zot:5    | Noticed a Killer Klown
 73223 | Zot:5    | Killed an orb of fire
 73224 | Zot:5    | Noticed an orb of fire
 73225 | Zot:5    | Killed a Killer Klown
 73226 | Zot:5    | Gained mutation: You occasionally lose the ability to read
                  | scrolls when taking damage. [an orb of fire]
 73229 | Zot:5    | Killed an orb of fire
 73308 | Zot:4    | Lost mutation: You are partially covered in iridescent
                  | scales. (AC +2) [potion of mutation]
 73308 | Zot:4    | Lost mutation: You passively map a small area around you.
                  | [potion of mutation]
 73308 | Zot:4    | Lost mutation: Armour fits poorly on your strangely shaped
                  | body. [potion of mutation]
 73308 | Zot:4    | Gained mutation: You have a pair of small antennae on your
                  | head. [potion of mutation]
 73309 | Zot:4    | Lost mutation: You occasionally lose the ability to read
                  | scrolls when taking damage. [potion of mutation]
 73309 | Zot:4    | Lost mutation: You have a pair of small antennae on your
                  | head. [potion of mutation]
 73309 | Zot:4    | Gained mutation: You are covered in fur. (AC +1) [potion of
                  | mutation]
 73309 | Zot:4    | Gained mutation: You have sharp fingernails. [potion of
                  | mutation]
 73455 | Zot:5    | Noticed an ancient lich
 73529 | Zot:5    | Killed an ancient lich
 73706 | Zot:5    | Acquired the +8 chain mail "Wotaveym" {rC+ rCorr}
 74062 | Orc:2    | Bought a potion of haste for 280 gold pieces
 74062 | Orc:2    | Bought a potion of haste for 280 gold pieces
 74062 | Orc:2    | Bought a potion of mutation for 224 gold pieces
 74083 | Orc:2    | Bought a wand of flame (11) for 123 gold pieces
 74243 | D:13     | Bought a scroll of enchant weapon for 195 gold pieces
 74243 | D:13     | Bought a pair of smoking gloves for 247 gold pieces
 74243 | D:13     | Identified the +2 pair of gloves of the Equator {rC- rN++
                  | Int+3 Dex+3} (You bought it in a shop on level 13 of the
                  | Dungeon)
 74499 | D:4      | Bought a potion of ambrosia for 232 gold pieces
 74976 | Zot:5    | Noticed a Killer Klown
 74979 | Zot:5    | Killed a Killer Klown
 75100 | Zot:5    | Noticed an ancient lich
 75103 | Zot:5    | Killed an ancient lich
 75166 | Zot:5    | Noticed an electric golem
 75174 | Zot:5    | Noticed an orb of fire
 75181 | Zot:5    | Killed an orb of fire
 75191 | Zot:5    | Noticed an orb of fire
 75197 | Zot:5    | Killed an orb of fire
 75324 | Zot:5    | Killed an electric golem
 75415 | Zot:5    | Identified the +5 scale mail of the Land of Plenty {rF+++
                  | rN+ MP-9 SInv}
 75419 | Zot:5    | Noticed a curse toe
 75421 | Zot:5    | Noticed an electric golem
 75422 | Zot:5    | Killed a curse toe
 75423 | Zot:5    | Reached skill level 25 in Spellcasting
 75442 | Zot:5    | Killed an electric golem
 75675 | Zot:5    | magus.rc [v1.11.6]
 75685 | Zot:5    | Reached skill level 19 in Shields
 75685 | Zot:5    | Noticed an orb of fire
 75692 | Zot:5    | Killed an orb of fire
 75817 | Zot:5    | Got the Orb of Zot
 76100 | D:13     | Reached skill level 25 in Fighting
 76317 | D:4      | Reached skill level 20 in Shields
 76464 | D:$      | Escaped with the Orb!

Vanquished Creatures
  the Royal Jelly (Slime:5)
  Dissolution (Slime:2)
  2 dread liches
  5 ancient liches
  12 orbs of fire
  Josephina (Depths:2)
  Frederick (Vaults:5)
  2 Killer Klowns (Zot:5)
  A curse toe (Zot:5)
  3 caustic shrikes
  11 golden dragons
  Nikola (Snake:4)
  A bone dragon (Depths:4)
  4 electric golems
  An Ice Fiend (D:13)
  Jorgrun (Swamp:3)
  Zenata (Elf:3)
  A walking crystal tome (Depths:3)
  22 tentacled monstrosities
  3 liches
  A walking earthen tome (Depths:3)
  30 Orb Guardians
  A walking divine tome (Depths:3)
  A deep elf master archer (Elf:3)
  2 deep elf blademasters (Elf:3)
  10 quicksilver dragons
  6 titans
  10 sphinxes
  2 walking frostbound tomes (Depths:3)
  12 acid blobs
  3 Executioners
  9 death cobs
  13 shadow dragons
  11 tengu reavers
  A thorn hunter (Swamp:4)
  17 storm dragons
  Kirke (Lair:5)
  11 azure jellies
  A fenstrider witch (Swamp:2)
  5 draconian monks
  3 nagarajas
  6 rockslimes
  7 draconian knights
  3 fire giants
  13 vault wardens
  9 draconian scorchers
  2 orc warlords
  3 spectral caustic shrikes (Depths:3)
  3 iron dragons
  10 frost giants
  Louise (Elf:1)
  7 draconian shifters
  The ghost of Umull the Severer, a journeyman MiFi of Uskayaw (Snake:4)
  3 draconian stormcallers
  6 deep elf sorcerers
  5 draconian annihilators
  A balrug (D:10)
  2 ghouls (Swamp:2)
  3 deep elf elementalists
  11 ironbound preservers
  A quicksilver ooze (shapeshifter) (Vaults:5)
  20 very ugly things
  4 reapers
  2 war gargoyles (Vaults:5)
  13 quicksilver oozes
  17 stone giants
  4 spriggan defenders
  7 ironbound thunderhulks
  6 white draconians
  A lorocyproca (Depths:2)
  8 red draconians
  12 green draconians
  4 vampire knights
  3 deep elf demonologists (Elf:3)
  An eleionoma (Swamp:1)
  9 purple draconians
  A minotaur (Gauntlet)
  7 deep elf annihilators
  5 dire elephants
  5 bunyips
  9 yellow draconians
  6 spark wasps
  A blizzard demon (Depths:1)
  16 black draconians
  3 deep elf death magi (Elf:3)
  A crystal guardian (Vaults:3)
  2 fire dragons (Depths:3)
  9 ettins
  5 deep elf high priests
  14 yaktaur captains
  9 great orbs of eyes
  An entropy weaver (Vaults:1)
  A caustic shrike simulacrum (IceCv)
  11 ice dragons
  16 hydras
  2 ghost crabs (Swamp:3)
  6 rakshasas
  30 vault guards
  2 catoblepae
  3 spriggan air magi
  An ogre mage (D:15)
  A peacekeeper (Vaults:3)
  3 salamander tyrants
  2 death knights
  7 anacondas
  18 dancing weapons
  6 ironbound frosthearts
  11 alligators
  3 boulder beetles
  3 two-headed ogres
  11 centaur warriors
  4 death yaks
  14 deep troll earth magi
  11 deep troll shamans
  2 vampire magi
  3 naga warriors
  8 hell hogs
  4 naga sharpshooters
  6 shock serpents
  7 tengu warriors
  6 spriggan berserkers
  4 spriggans
  A hell knight (Depths:3)
  12 deep elf knights
  4 sun demons (D:10)
  4 iron trolls
  3 sea snakes
  3 flayed ghosts
  A skyshark (Lair:2)
  A deep troll (shapeshifter) (Vaults:5)
  5 salamander mystics
  7 goliath frogs
  2 sea snakes (shapeshifter)
  9 lindwurms
  2 glowing orange brains
  4 spriggan druids
  An obsidian statue (IceCv)
  3 spriggan simulacra
  4 bog bodies
  11 wizards
  3 naga ritualists
  6 swamp dragons
  32 deep trolls
  9 deep elf archers
  12 phantasmal warriors
  10 ironbound convokers
  9 orc knights
  4 harpies (Vaults:3)
  7 mana vipers
  7 necromancers
  A sphinx skeleton (Depths:2)
  20 deep elf zephyrmancers
  5 will-o-the-wisps
  27 deep elf pyromancers
  2 orc sorcerers
  4 cyclopes
  35 ugly things
  7 shining eyes
  4 manticores
  26 moths of wrath
  An elephant (shapeshifter) (Vaults:5)
  15 salamanders
  A rust devil (Depths:2)
  2 guardian serpents
  Joseph (D:8)
  15 vault sentinels
  2 torpor snails
  3 elephants (Lair:3)
  10 naga magi
  A torpor snail (shapeshifter) (Depths:4)
  35 black mambas
  4 cane toads
  2 eyes of devastation (Slime:5)
  Psyche (D:8)
  3 smoke demons
  2 gargoyles
  4 freezing wraiths
  2 komodo dragons
  A spark wasp simulacrum (Depths:2)
  12 rime drakes
  An anaconda simulacrum (IceCv)
  18 yaktaurs
  An unseen horror (D:12)
  A golden dragon simulacrum (IceCv)
  3 tengu conjurers
  An ice devil (IceCv)
  A red devil (Depths:2)
  A bloated husk (Swamp:1)
  2 meliai (D:14)
  9 trolls
  2 hellwings (Depths:2)
  9 hornets
  2 sphinx simulacra (Depths:2)
  A tengu simulacrum (Depths:2)
  6 tyrant leeches
  6 blink frogs (Lair:1)
  2 fire giant simulacra (Depths:2)
  2 dream sheep
  A dream sheep (shapeshifter) (Vaults:5)
  5 air elementals
  5 small abominations (Gauntlet)
  72 slime creatures
  An ettin skeleton (Depths:2)
  3 shadows
  4 wyverns
  A wraith (D:13)
  3 fire elementals
  3 vampires (Vaults:3)
  5 water elementals
  16 golden eyes
  45 yaks
  A steam dragon (D:9)
  A chaos spawn (Depths:2)
  7 basilisks
  4 wargs
  10 swamp worms
  3 redbacks (Vaults:1)
  21 nagas
  8 vampire mosquitoes
  3 large abominations (D:4)
  A minotaur simulacrum (IceCv)
  A hydra simulacrum (IceCv)
  2 acid dragons
  A glowing shapeshifter zombie (Depths:2)
  9 water moccasins
  A floating eye (Depths:4)
  4 swamp drakes
  2 ice beasts
  23 orc warriors
  A black bear (D:6)
  3 ettin simulacra (IceCv)
  A sky beast (D:7)
  2 ogres
  2 wolves
  4 boggarts (D:14)
  A centaur (D:11)
  2 phantoms
  A kobold brigand (D:7)
  2 earth elementals (Elf:1)
  13 bullfrogs
  A necrophage (Swamp:2)
  2 scorpions
  5 wights (D:8)
  6 killer bees (D:9)
  2 vampire bats (D:7)
  3 electric eels
  A howler monkey (D:9)
  8 orc priests
  A gnoll bouda (D:7)
  A hound (D:5)
  An iguana (D:6)
  14 orc wizards
  2 sleepcaps
  4 gnolls (D:7)
  8 adders
  2 shadow imps (Gauntlet)
  4 white imps (Gauntlet)
  An ufetubus (D:5)
  A dart slug (D:3)
  57 orcs
  16 ball pythons
  6 bat skeletons (D:7)
  14 endoplasms
  12 giant cockroaches
  8 hobgoblins
  13 quokkas
  7 bats
  12 frilled lizards
  3 goblins
  14 kobolds
  6 rats
1758 creatures vanquished.

Vanquished Creatures (collateral kills)
  Parghit (Depths:3)
  Sojobo (Depths:1)
  the Lernaean hydra (Swamp:4)
  Margery (Depths:3)
  2 caustic shrikes (Depths:3)
  Saint Roka (Snake:2)
  A golden dragon (Depths:4)
  A quicksilver dragon (Snake:4)
  3 acid blobs
  2 deep elf master archers (Elf:3)
  2 sphinxes (Vaults:4)
  A thorn hunter (Swamp:4)
  A shadow dragon (Depths:3)
  3 tengu reavers
  An azure jelly (Slime:2)
  2 fenstrider witches (Swamp:2)
  A nagaraja (Snake:2)
  A fenstrider witch (shapeshifter) (Depths:1)
  A deep elf sorcerer (Elf:3)
  Aizul (Snake:2)
  6 fire giants
  3 vault wardens
  An iron dragon (Depths:3)
  A spectral caustic shrike (Depths:3)
  An ironbound preserver (Vaults:4)
  A reaper (IceCv)
  2 stone giants (Depths:3)
  An orc warlord (Vaults:3)
  A very ugly thing (Vaults:4)
  A quicksilver ooze (Slime:2)
  A vampire knight (Depths:4)
  An ironbound thunderhulk (Vaults:2)
  2 green draconians
  2 deep elf demonologists (Elf:3)
  An eleionoma (Swamp:2)
  2 bunyips
  2 deep elf annihilators (Elf:3)
  A red draconian (Depths:4)
  3 dire elephants
  3 deep elf death magi
  2 ettins
  6 fire dragons
  A green death (Gauntlet)
  A shambling mangrove (Swamp:4)
  A yaktaur captain (Vaults:4)
  2 deep elf high priests (Elf:3)
  A vault guard (Vaults:2)
  7 hydras
  A great orb of eyes (Slime:2)
  An ironbound frostheart (Vaults:2)
  A salamander tyrant (Snake:4)
  A catoblepas (Lair:5)
  A two-headed ogre (D:11)
  A ghost crab (Swamp:1)
  4 centaur warriors
  An anaconda (Snake:3)
  2 boulder beetles
  9 death yaks
  4 alligators
  5 hell hogs (Depths:4)
  A deep troll shaman (Depths:3)
  A spriggan berserker (Depths:4)
  5 naga warriors
  9 naga sharpshooters
  3 hell knights (Depths:3)
  6 iron trolls
  2 deep elf knights (Elf:1)
  A skyshark (Lair:5)
  A fire crab (Lair:4)
  6 deep trolls
  A naga ritualist (Snake:3)
  5 swamp dragons
  5 bog bodies
  2 deep elf archers (Elf:3)
  5 deep elf pyromancers
  2 ironbound convokers
  2 lindwurms (Lair:5)
  2 large abominations (Gauntlet)
  4 orc knights
  2 ugly things
  A deep elf zephyrmancer (Elf:1)
  A will-o-the-wisp (Swamp:4)
  A mana viper (Snake:4)
  7 salamanders
  4 manticores
  3 cyclopes
  A stone giant skeleton (Depths:2)
  12 black mambas
  2 elephants
  2 torpor snails
  4 vault sentinels
  3 naga magi
  A molten gargoyle (Volcano)
  A gargoyle (D:13)
  6 cane toads
  4 komodo dragons
  4 efreet
  2 freezing wraiths (IceCv)
  A rime drake (Lair:5)
  7 yaktaurs
  A meliai (D:14)
  2 golden dragon simulacra (IceCv)
  2 guardian mummies (D:15)
  2 trolls
  A bloated husk (Swamp:4)
  A polar bear (Lair:3)
  3 blink frogs (Lair:1)
  A tyrant leech (Swamp:4)
  4 dream sheep (Lair:5)
  14 slime creatures
  A vampire (D:12)
  4 wyverns
  33 yaks
  A wraith (D:10)
  2 basilisks
  2 fire bats (Volcano)
  A hog (Lair:5)
  A steam dragon (Lair:5)
  2 vampire mosquitoes
  5 wargs
  3 swamp worms
  15 nagas
  6 water moccasins
  An acid dragon (D:10)
  A hydra simulacrum (IceCv)
  20 orc warriors
  5 swamp drakes
  2 black bears
  2 ettin simulacra (IceCv)
  3 wolves (Lair:5)
  2 ogres
  2 centaurs (Volcano)
  A boggart (D:14)
  A kobold brigand (D:10)
  4 bullfrogs
  5 lava snakes (Volcano)
  4 orc priests (Orc:1)
  4 iguanas
  3 orc wizards
  26 orcs
  2 kobolds (D:10)
  3 briar patches (Swamp:4)
  26 foxfires
472 creatures vanquished.

Vanquished Creatures (others)
  A deep elf demonologist (Elf:3)
  A deep elf high priest (Elf:3)
  A deep elf archer (Elf:3)
  A deep elf pyromancer (Elf:1)
  A golden dragon simulacrum (Depths:2)
  A centaur simulacrum (D:14)
  6 humans (Lair:5)
  2 nagas (Snake:4)
  2005 foxfires
  58 fungi
  134 plants
2211 creatures vanquished.

Grand Total: 4441 creatures vanquished

Table legend:
 A = Non-vault XP
 B = Vault XP
 C = Vault XP percentage of total XP
 D = Non-vault monster count
 E = Vault monster count
 F = Vault count percentage of total count
                 A         B        C        D         E       F
            +---------+---------+-------+---------+---------+-------
      Total |  725582 |  731940 |  50.2 |    1306 |     857 |  39.6
            +---------+---------+-------+---------+---------+-------
        D:1 |      29 |       0 |   0.0 |      18 |       0 |   0.0
        D:2 |      29 |       0 |   0.0 |      17 |       0 |   0.0
        D:3 |      37 |       0 |   0.0 |      15 |       0 |   0.0
        D:4 |     146 |       8 |   5.2 |       8 |       4 |  33.3
        D:5 |     879 |       0 |   0.0 |      24 |       0 |   0.0
        D:6 |     317 |       0 |   0.0 |       5 |       0 |   0.0
        D:7 |    1631 |     124 |   7.1 |      20 |       8 |  28.6
        D:8 |    1635 |     875 |  34.9 |      14 |       2 |  12.5
        D:9 |    3229 |     995 |  23.6 |      26 |       5 |  16.1
       D:10 |    2859 |       0 |   0.0 |      23 |       0 |   0.0
       D:11 |    4243 |    1556 |  26.8 |      14 |       6 |  30.0
       D:12 |    4511 |       0 |   0.0 |       9 |       0 |   0.0
       D:13 |    6522 |       0 |   0.0 |      18 |       0 |   0.0
       D:14 |    7566 |    1476 |  16.3 |      20 |       4 |  16.7
       D:15 |    8763 |   15331 |  63.6 |      17 |      26 |  60.5
     Lair:1 |    7301 |    4521 |  38.2 |      33 |      12 |  26.7
     Lair:2 |    6691 |     241 |   3.5 |      26 |       4 |  13.3
     Lair:3 |   12710 |     642 |   4.8 |      35 |       4 |  10.3
     Lair:4 |    2969 |   10086 |  77.3 |       8 |      19 |  70.4
     Lair:5 |   13311 |   13255 |  49.9 |      43 |      31 |  41.9
    Swamp:1 |   14628 |       0 |   0.0 |      23 |       0 |   0.0
    Swamp:2 |   17093 |    4082 |  19.3 |      30 |       3 |   9.1
    Swamp:3 |   14226 |    2580 |  15.4 |      22 |       2 |   8.3
    Swamp:4 |   16258 |   17672 |  52.1 |      23 |      24 |  51.1
    Snake:1 |   14307 |     166 |   1.1 |      28 |       1 |   3.4
    Snake:2 |   13966 |    6764 |  32.6 |      27 |      18 |  40.0
    Snake:3 |   22131 |    3447 |  13.5 |      41 |       6 |  12.8
    Snake:4 |   20984 |   19042 |  47.6 |      43 |      23 |  34.8
    Slime:1 |    8223 |       0 |   0.0 |      15 |       0 |   0.0
    Slime:2 |    9524 |    6745 |  41.5 |      13 |       1 |   7.1
    Slime:3 |    7715 |       0 |   0.0 |      13 |       0 |   0.0
    Slime:4 |   15201 |       0 |   0.0 |      33 |       0 |   0.0
    Slime:5 |   15436 |   21466 |  58.2 |      37 |      18 |  32.7
      Orc:1 |    3742 |       0 |   0.0 |      39 |       0 |   0.0
      Orc:2 |    1163 |    7873 |  87.1 |      18 |      65 |  78.3
      Elf:1 |   12640 |   20055 |  61.3 |      23 |      28 |  54.9
      Elf:2 |   14040 |    3272 |  18.9 |      23 |       4 |  14.8
      Elf:3 |   20397 |   35904 |  63.8 |      35 |      33 |  48.5
   Vaults:1 |   15187 |   20685 |  57.7 |      25 |      29 |  53.7
   Vaults:2 |   21568 |   10985 |  33.7 |      26 |      14 |  35.0
   Vaults:3 |   24037 |   16484 |  40.7 |      31 |      24 |  43.6
   Vaults:4 |   17144 |   17417 |  50.4 |      25 |      22 |  46.8
   Vaults:5 |   15896 |  148675 |  90.3 |      24 |     117 |  83.0
   Depths:1 |   26132 |    6977 |  21.1 |      35 |       4 |  10.3
   Depths:2 |   38137 |   29686 |  43.8 |      51 |      32 |  38.6
   Depths:3 |   29090 |   94245 |  76.4 |      32 |      75 |  70.1
   Depths:4 |   21371 |   34668 |  61.9 |      21 |      33 |  61.1
      Zot:1 |   33715 |       0 |   0.0 |      27 |       0 |   0.0
      Zot:2 |   44008 |    4810 |   9.9 |      40 |       4 |   9.1
      Zot:3 |   35703 |    4864 |  12.0 |      32 |       5 |  13.5
      Zot:4 |   35854 |    1747 |   4.6 |      23 |       1 |   4.2
      Zot:5 |   40688 |  122212 |  75.0 |      35 |      45 |  56.2
      Sewer |       0 |     284 | 100.0 |       0 |      44 | 100.0
      IceCv |       0 |   10962 | 100.0 |       0 |      25 | 100.0
    Volcano |       0 |    4223 | 100.0 |       0 |      15 | 100.0
   Gauntlet |       0 |    4838 | 100.0 |       0 |      17 | 100.0
            +---------+---------+-------+---------+---------+-------

Skill      XL: |  1  2  3  4  5  6  7  8  9 10 11 12 13 14 15 16 17 18 19 20 21 22 23 24 25 26 27 |
---------------+----------------------------------------------------------------------------------+-----
Dodging        | 1 2 3 4 6 7 9 10 11 12 14 15 16 17 | 17.0
Armour         | 1 2 3 4 6 8 11 12 13 14 15 | 15.0
Stealth        | 1 2 3 4 6 |  6.0
Spellcasting   | 3 5 6 8 9 11 12 13 15 16 17 18 19 20 22 25 | 25.0
Fighting       | 4 6 7 8 10 12 14 16 17 18 19 20 21 22 25 | 25.1
Evocations     | 2 6 8 9 11 12 13 14 | 14.0
Shields        | 5 8 12 14 15 20 | 20.0
Long Blades    | 6 8 9 |  9.8
Short Blades   | |  2.6

Action                     |  1- 3 |  4- 6 |  7- 9 | 10-12 | 13-15 | 16-18 | 19-21 | 22-24 | 25-27 || total
---------------------------+-------+-------+-------+-------+-------+-------+-------+-------+-------++-------
  Melee: Short sword       |    37 |     2 |       |       |       |       |       |       |       ||    39
         Dagger            |       |       |       |    11 |       |     1 |       |       |       ||    12
         Quarterstaff      |       |       |       |     2 |     9 |     3 |       |       |       ||    14
         Scimitar          |       |       |       |       |       |     1 |   148 |    32 |   188 ||   369
         Unarmed           |       |       |       |       |       |       |     5 |       |       ||     5
  Throw: Dart              |       |       |       |       |     2 |       |       |       |       ||     2
         Boomerang         |       |       |       |       |       |       |     1 |       |       ||     1
   Cast: Scorch            |    36 |    33 |    84 |   160 |   254 |   397 |   546 |   198 |       ||  1708
         Foxfire           |       |     6 |   131 |   237 |   547 |   226 |    19 |       |       ||  1166
         Summon Lightning  |       |       |       |    34 |   165 |   158 |    82 |    86 |    63 ||   588
         Confusing Touch   |       |       |       |     1 |       |       |       |       |       ||     1
         Passage of Golubr |       |       |       |       |    25 |    14 |    15 |    33 |    19 ||   106
         Passwall          |       |       |       |       |     1 |       |       |       |       ||     1
         Eringya's Noxious |       |       |       |       |    42 |   145 |   171 |   113 |    30 ||   501
         Enfeeble          |       |       |       |       |       |    43 |   229 |   139 |   100 ||   511
         Silence           |       |       |       |       |       |     1 |       |       |       ||     1
         Starburst         |       |       |       |       |       |       |    12 |     9 |       ||    21
         Dragon Form       |       |       |       |       |       |       |     1 |       |       ||     1
         Ignition          |       |       |       |       |       |       |       |   507 |   477 ||   984
         Disjunction       |       |       |       |       |       |       |       |       |    12 ||    12
         Chain Lightning   |       |       |       |       |       |       |       |       |   364 ||   364
 Invoke: Fiery Armour      |       |     1 |       |     1 |     1 |       |       |       |     1 ||     4
Ability: Evoke Blink       |       |       |       |       |       |       |       |     1 |       ||     1
  Evoke: Wand              |       |       |       |     1 |     3 |     8 |     3 |     3 |    16 ||    34
         Phantom mirror    |       |       |       |       |     2 |     1 |       |     1 |     1 ||     5
         Condenser vane    |       |       |       |       |     1 |       |       |       |       ||     1
         Lightning rod     |       |       |       |       |       |     4 |     1 |     2 |       ||     7
    Use: Potion            |       |     1 |       |       |     4 |     1 |     2 |     1 |    26 ||    35
         Scroll            |       |       |     9 |     7 |     9 |    19 |     2 |     2 |     7 ||    55
   Stab: Sleeping          |       |       |       |       |       |       |     1 |       |       ||     1
         Distracted        |       |       |       |       |       |       |       |     2 |     9 ||    11
         Invisible         |       |       |       |       |       |       |       |     4 |     5 ||     9
         Betrayed ally     |       |       |       |       |       |       |       |     2 |       ||     2
         Paralysed         |       |       |       |       |       |       |       |       |    11 ||    11
 Armour: Robe              |     1 |     5 |       |       |       |       |       |       |       ||     6
         Leather armour    |       |       |     4 |       |       |       |       |       |       ||     4
         Acid dragon scale |       |       |       |    20 |       |       |       |       |       ||    20
         Troll leather arm |       |       |       |     6 |    46 |       |       |       |       ||    52
         Ring mail         |       |       |       |       |     7 |   249 |   362 |   195 |   114 ||   927
         Skin              |       |       |       |       |       |       |     4 |       |    23 ||    27
  Dodge: Dodged            |    24 |     8 |    26 |    83 |   152 |   217 |   332 |   242 |   229 ||  1313
  Block: Buckler           |       |       |       |       |       |    76 |   219 |   194 |    43 ||   532
         Kite shield       |       |       |       |       |       |       |       |       |   147 ||   147

Illustrated notes

Table legend:
 A = Kills in this place as a percentage of kills in the entire game.
 B = Kills by you in this place as a percentage of kills by you in the entire game.
 C = Kills by friends in this place as a percentage of kills by friends in the entire game.
 D = Other kills in this place as a percentage of other kills in the entire game.
 E = Experience gained in this place as a percentage of experience gained in the entire game.
 F = Experience gained in this place divided by the number of levels of this place that you have seen.
                   A       B       C       D       E      F
               +-------+-------+-------+-------+-------+----------------------
         Total | 100.0 | 100.0 | 100.0 | 100.0 | 100.0 | 25600.7
       Dungeon |  14.7 |  15.6 |  11.3 |  14.3 |   5.5 | 5460.9
          Lair |   9.8 |   6.3 |  23.7 |   0.0 |   4.8 | 14345.4
         Swamp |   5.8 |   5.4 |   7.7 |   0.0 |   5.8 | 21634.8
     Snake Pit |   8.6 |   7.7 |  11.5 |  28.6 |   6.8 | 25201.8
    Slime Pits |   5.9 |   6.5 |   3.8 |   0.0 |   5.7 | 16862.0
  Orcish Mines |   5.6 |   3.8 |  12.6 |   0.0 |   0.9 | 6389.0
   Elven Halls |   6.7 |   7.1 |   4.3 |  57.1 |   7.2 | 35436.0
        Vaults |  15.4 |  17.3 |   8.1 |   0.0 |  20.7 | 61615.6
        Depths |  13.1 |  13.7 |  10.8 |   0.0 |  19.2 | 71392.8
           Zot |   9.8 |  12.3 |   0.2 |   0.0 |  22.0 | 65300.8
         Sewer |   2.0 |   2.5 |   0.0 |   0.0 |   0.0 | 284.0
      Ice Cave |   1.1 |   0.8 |   2.5 |   0.0 |   0.7 | 10962.0
       Volcano |   0.7 |   0.2 |   2.7 |   0.0 |   0.3 | 4223.0
      Gauntlet |   0.8 |   0.8 |   0.7 |   0.0 |   0.3 | 4838.0
               +-------+-------+-------+-------+-------+----------------------

Table legend: (Time is in decaauts)
 A = Elapsed time spent in this place.
 B = Non-inter-level travel time spent in this place.
 C = Inter-level travel time spent in this place.
 D = Time resting spent in this place.
 E = Time spent auto-exploring this place.
 F = Levels seen in this place.
 G = Mean time per level.
                   A        B        C        D        E       F      G
               +--------+--------+--------+--------+--------+-----+--------+
         Total |  76601 |  64927 |  11674 |  11647 |  33318 |  58 | 1320.7 |
       Dungeon |  18742 |  13374 |   5368 |    789 |   9531 |  15 | 1249.5 |
        Temple |      5 |      5 |      0 |      0 |      3 |   1 |    5.0 |
          Lair |   8650 |   6913 |   1737 |   1682 |   3445 |   5 | 1730.0 |
         Swamp |   3851 |   3577 |    274 |    616 |   1668 |   4 |  962.8 |
     Snake Pit |   5563 |   5184 |    379 |    538 |   2542 |   4 | 1390.8 |
    Slime Pits |   3714 |   3208 |    506 |    631 |   1632 |   5 |  742.8 |
  Orcish Mines |   2684 |   1916 |    768 |    151 |    811 |   2 | 1342.0 |
   Elven Halls |   5015 |   4480 |    535 |    827 |   1678 |   3 | 1671.7 |
        Vaults |   8524 |   7864 |    660 |    708 |   5099 |   5 | 1704.8 |
        Depths |  10066 |   9185 |    881 |   2855 |   3573 |   4 | 2516.5 |
           Zot |   6302 |   5739 |    563 |   1569 |   2582 |   5 | 1260.4 |
         Trove |     42 |     42 |      0 |      0 |     21 |   1 |   42.0 |
         Sewer |    481 |    481 |      0 |     45 |    273 |   1 |  481.0 |
      Ice Cave |   1393 |   1393 |      0 |    801 |     33 |   1 | 1393.0 |
       Volcano |   1108 |   1108 |      0 |    421 |    253 |   1 | 1108.0 |
      Gauntlet |    452 |    452 |      0 |     13 |    174 |   1 |  452.0 |
               +--------+--------+--------+--------+--------+-----+--------+

Top non-repeatable levels by time:
Depths:3: 3507 daAuts
   Elf:3: 2644 daAuts
Depths:1: 2424 daAuts
Depths:2: 2414 daAuts
  Lair:5: 2314 daAuts
   Orc:2: 2158 daAuts
Vaults:3: 2110 daAuts
Vaults:4: 1980 daAuts
    D:15: 1948 daAuts
 Snake:4: 1924 daAuts
     D:9: 1822 daAuts
  Lair:1: 1802 daAuts
   Zot:5: 1795 daAuts
    D:13: 1775 daAuts
Depths:4: 1719 daAuts
